 Dungeon Crawl Stone Soup version 0.28.0-49-g6dfe1f597d (webtiles) character file.

Game seed: 17355993653168492341

29 Gabide the Magician (level 3, -4/26 HPs)
             Began as a Mummy Enchanter on May 15, 2022.
             Was a Believer of Lugonu.
             Slain by a gnoll
             ... wielding a +0 flail
              (9 damage)
             ... on level 1 of the Dungeon.
             The game lasted 00:02:52 (1513 turns).

Gabide the Magician (Mummy Enchanter)               Turns: 1513, Time: 00:02:52

Health: -4/26      AC:  2    Str: 11    XL:     3   Next: 1%
Magic:  7/7        EV: 12    Int: 14    God:    Lugonu [**....]
Gold:   26         SH:  0    Dex: 14    Spells: 5/7 levels left

rFire   x . .      SeeInvis .   f - +1 dagger (venom)
rCold   + . .      Faith    .   (no shield)
rNeg    + + +      Spirit   .   b - +0 robe
rPois   ∞          Reflect  .   (no helmet)
rElec   .          Harm     .   (no cloak)
rCorr   .          Rampage  .   (no gloves)
Will    .....                   (no boots)
Stlth   ++........              (no amulet)
HPRegen 0.08/turn               (no ring)
MPRegen 0.10/turn               (no ring)

@: no status effects
A: cold resistance 1, negative energy resistance 3, torment resistance 2, heat
vulnerability 1, no potions
a: Renounce Religion, Depart the Abyss, Bend Space


You were on level 1 of the Dungeon.
You worshipped Lugonu.
Lugonu was pleased with you.
You visited 1 branch of the dungeon, and saw 1 of its levels.

You collected 26 gold pieces.

Inventory:

Hand Weapons
 a - a +1 dagger
 f - a +1 dagger of venom (weapon)
Armour
 b - a +0 robe (worn)
Jewellery
 d - an amulet of magic regeneration
Scrolls
 c - 2 scrolls of fog {unknown}
 e - a scroll of enchant armour {unknown}


   Skills:
 * Level 1.2 Fighting
 - Level 0.7 Short Blades
 * Level 0.9 Armour
 * Level 2.0 Dodging
 - Level 2.4 Stealth
 + Level 2.9 Spellcasting
 + Level 2.8 Hexes


You had 5 spell levels left.
You knew the following spells:

 Your Spells              Type           Power      Damage    Failure   Level
a - Ensorcelled Hibernat  Hex/Ice        12%        N/A       19%         2

Your spell library contained the following spells:

 Spells                   Type           Power      Damage    Failure   Level
 Confusing Touch          Hex            9%         N/A       21%         3
 Tukima's Dance           Hex            9%         N/A       21%         3
 Dazzling Flash           Conj/Hex       12%        N/A       36%         3


Dungeon Overview and Level Annotations

Branches:
Dungeon (1/15)

Altars:
Lugonu


Innate Abilities, Weirdness & Mutations

You are immune to poison.
Your flesh is cold resistant. (rC+)
You are immune to negative energy. (rN+++)
You are immune to unholy pain and torment.
You are vulnerable to heat. (rF-)
You do not drink.


Message History

You have reached level 3!
Your experience leads to an increase in your attributes!
Increase (S)trength, (I)ntelligence, or (D)exterity?
You feel agile. x2
You see here a rat corpse.
A rat comes into view.
A rat is nearby!
You hit the rat.
You kill the rat!
Lugonu accepts your kill.
No target in view!
No target in view!
No target in view!
No target in view!
No target in view!
Found a stone staircase leading down.
There is a stone staircase leading down here.
You see here a +0 club.
A gnoll is nearby!
The gnoll completely misses you.
You barely miss the gnoll. The gnoll hits you with a +0 flail.
You hit the gnoll.
The gnoll is poisoned.
The gnoll is lightly wounded.
The gnoll hits you with a +0 flail!
You are too injured to fight recklessly!
You are too injured to fight recklessly!
You are too injured to fight recklessly!
You are too injured to fight recklessly!
You are too injured to fight recklessly!
You are too injured to fight recklessly!
You are too injured to fight recklessly!
A gnoll is nearby!
You barely miss the gnoll.
The gnoll is moderately wounded.
The gnoll hits you with a +0 flail!
* * * LOW HITPOINT WARNING * * *
You closely miss the gnoll.
The gnoll is heavily wounded.
The gnoll hits you with a +0 flail!
You die...

#..##.### #..#...........
#..#...### ##...#######.##
#..(.....# ##.## #.#
##.#...#.#####.########.#
#.##.............>.....#
#.##..........###########
#.......#####............
#########.............##########.
...........####.@###############.
.#########.#....g.# #..........
..########.#.##...# #.######...
..................# #.# #.##
..########......... #.# #.# ..#
#.#.##....# #.# ###.# #.#
#.#.##.#..# #.# #...# #.#
#.############## #...# #.#
#.###÷#8#.#8#.### #...#


You could see a gnoll (poisoned).

Vanquished Creatures
  3 dart slugs (D:1)
  2 ball pythons (D:1)
  2 bats (D:1)
  An endoplasm (D:1)
  A giant cockroach (D:1)
  2 goblins (D:1)
  4 hobgoblins (D:1)
  A frilled lizard (D:1)
  6 rats (D:1)
22 creatures vanquished.

Notes
Turn   | Place    | Note
-------+----------+-------------------------------------------
     0 | D:1      | Gabide the Mummy Enchanter began the quest for the Orb.
     0 | D:1      | Reached XP level 1. HP: 13/13 MP: 4/4
    76 | D:1      | Reached XP level 2. HP: 10/20 MP: 5/5
   280 | D:1      | Learned a level 2 spell: Ensorcelled Hibernation
   836 | D:1      | Reached skill level 1 in Fighting
  1159 | D:1      | Found a faded altar of an unknown god.
  1218 | D:1      | Prayed at the altar of an unknown god.
  1218 | D:1      | Became a worshipper of Lugonu the Unformed
  1218 | D:1      | Reached * piety under Lugonu
  1218 | D:1      | Reached ** piety under Lugonu
  1381 | D:1      | Reached XP level 3. HP: 26/26 MP: 7/7
  1513 | D:1      | Slain by a gnoll

Illustrated notes

Levels and vault maps discovered:
D:1:      wander_arrival_abandoned_jail, layout_loops_ring,
          ebering_ecumenical_altar_petrified

Skill      XL: |  1  2 |
---------------+-------+-----
Fighting       | 1 |  1.2
Dodging        | 2 |  2.0
Short Blades   | |  0.7
Armour         | |  0.9
Stealth        | |  2.4
Spellcasting   | |  2.9
Hexes          | |  2.8

Action                   || total
-------------------------++-------
Melee: Dagger            ||    83
       Punch             ||     1
 Stab: Sleeping          ||     2
Armor: Robe              ||    12
Dodge: Dodged            ||    39
